 Dungeon Crawl Stone Soup version 0.30.1-3-gfc49f6343a (webtiles) character file.

Game seed: 3661798171996185818

618 shmup the Firebug (level 7, -4/38 HPs)
             Began as a Tengu Fire Elementalist on July 22, 2023.
             Was an Initiate of Sif Muna.
             Slain by a killer bee (6 damage)
             ... on level 5 of the Dungeon.
             The game lasted 00:18:52 (4927 turns).

shmup the Firebug (Tengu Fire Elementalist)         Turns: 4927, Time: 00:18:53

Health: -4/38      AC:  6    Str: 14    XL:     7   Next: 45%
Magic:  14/20      EV: 14    Int: 24    God:    Sif Muna [......]
Gold:   216        SH:  3    Dex: 14    Spells: 7/10 levels left

rFire   . . .        t - +5 mace of Vanity {freeze, rC++ Int+2}
rCold   + + .        m - +0 buckler
rNeg    . . .        y - +3 leather armour "Amutt" {Int+4}
rPois   .            (helmet restricted)
rElec   .            (no cloak)
rCorr   .            (no gloves)
SInv    .            (boots unavailable)
Will    .....        (no amulet)
Stlth   ++           k - +6 ring of strength
HPRegen 0.26/turn    q - ring of magical power
MPRegen 0.17/turn

%: no passive effects
@: lethally poisoned (-4 -> -6), flying quickly and evasively, quick
A: beak, talons 3, nimble flight
a: Renounce Religion


You were on level 5 of the Dungeon.
You worshipped Sif Muna.
Sif Muna was noncommittal.
You visited 1 branch of the dungeon, and saw 5 of its levels.

You collected 216 gold pieces.

Inventory:

Hand Weapons
 d - a +0 dagger
 t - the +5 mace of Vanity (weapon) {freeze, rC++ Int+2}
   (You found it on level 3 of the Dungeon)

   Int:       It affects your intelligence (+2).
   rC:        It greatly protects you from cold.
Missiles
 c - 11 stones (quivered)
 g - 6 poisoned darts
Armour
 a - a +0 robe
 m - a +0 buckler (worn)
 y - the +3 leather armour "Amutt" (worn) {Int+4}
   (You found it on level 4 of the Dungeon)

   Int:       It affects your intelligence (+4).
Jewellery
 k - a +6 ring of strength (left hand)
 p - the ring "Fuseni Suti" {Fire rElec Str+9 Int-3 Dex-3}
   (You found it on level 3 of the Dungeon)

   [ring of fire]

   It enhances your fire magic.
   Str:       It affects your strength (+9).
   Int:       It affects your intelligence (-3).
   Dex:       It affects your dexterity (-3).
   rF:        It protects you from fire.
   rC:        It makes you vulnerable to cold.
   rElec:     It insulates you from electricity.
 q - a ring of magical power (right hand)
Wands
 o - a wand of charming (12)
 s - a wand of polymorph (9)
 A - a wand of acid (15)
Scrolls
 j - a scroll of immolation {unknown}
 l - a scroll of poison {unknown}
 n - 2 scrolls of enchant weapon {unknown}
 B - a scroll of identify {unknown}
Potions
 e - a potion of invisibility {unknown}
 f - 3 potions of curing {unknown}
 h - a potion of flight {unknown}
 i - a potion of haste {unknown}
 r - a potion of cancellation {unknown}
 u - a potion of might {unknown}
 v - a potion of attraction {unknown}
 w - a potion of heal wounds {unknown}
 x - a potion of resistance {unknown}
 z - a potion of brilliance {unknown}


   Skills:
 * Level 1.0 Fighting
 * Level 0.4 Maces & Flails
 + Level 0.7 Armour
 * Level 2.5 Dodging
 - Level 2.0 Stealth
 - Level 2.0 Spellcasting
 + Level 5.6 Conjurations
 * Level 7.5 Fire Magic


You had 7 spell levels left.
You knew the following spells:

 Your Spells              Type           Power      Damage    Failure   Level
a - Foxfire               Conj/Fire      100%       2x1d9     1%          1
b - Scorch                Fire           76%        2d8       1%          2

Your spell library contained the following spells:

 Spells                   Type           Power      Damage    Failure   Level
 Inner Flame              Hex/Fire       20%        N/A       13%         3
 Volatile Blastmotes      Fire/Tloc      40%        2d13      13%         3
 Flame Wave               Conj/Fire      33%        2d10      14%         4


Dungeon Overview and Level Annotations

Branches:
Dungeon (5/15)
 Temple: D:4-7

Altars:
Sif Muna
Vehumet

Shops:
D:2 (

Annotations:
D:4 2 runed translucent doors, exclusion: downstairs


Innate Abilities, Weirdness & Mutations

You have a beak for a mouth.
You have claws for feet.
Your magical nature lets you fly swiftly and evasively.


Message History

* * * LOW HITPOINT WARNING * * *
The killer bee stings you.
* * * LOW HITPOINT WARNING * * *
The killer bee misses you.
You hear a shout!
Your Fighting skill increases to level 1!
Casting: Scorch (safe; 1% risk of failure)
Confirm with . or Enter, or press ? or * to list all spells.
Flames lash the killer bee.
The killer bee is moderately wounded.
The killer bee's fire resistance burns away.
The killer bee buzzes angrily.
The killer bee stings you but does no damage.
The killer bee stings you.
* * * LOW HITPOINT WARNING * * *
You are poisoned.
The killer bee poisons you! You block the killer bee's attack.
The killer bee barely misses you.
Casting: Scorch (safe; 1% risk of failure)
Confirm with . or Enter, or press ? or * to list all spells.
Flames lash the killer bee.
The killer bee is burned terribly!
The killer bee is almost dead.
You feel sick.
The killer bee is no longer more vulnerable to fire.
The killer bee barely misses you. The killer bee completely misses you.
The killer bee closely misses you. The killer bee stings you.
* * * LOW HITPOINT WARNING * * *
The killer bee attacks as you move away!
The killer bee closely misses you.
* * * LOW HITPOINT WARNING * * *
You feel sick. You block the killer bee's attack.
The killer bee closely misses you.
* * * LOW HITPOINT WARNING * * *
You feel sick. The killer bee closely misses you.
You block the killer bee's attack.
* * * LOW HITPOINT WARNING * * *
You feel sick. The killer bee barely misses you.
* * * LOW HITPOINT WARNING * * *
You feel sick. The killer bee stings you.
You die...

▒▒▒▒▒▒▒▒▒ ▒........ ▒.▒▒▒▒▒▒▒
▒▒▒▒▒▒▒▒▒▒▒▒▒▒▒▒........
▒.................▒▒▒▒▒▒
...........▒▒▒▒......▒
▒..........▒ ▒......▒▒▒ ▒+▒▒Qy..▒
▒..▒.▒.... ▒ ▒y...▒ ▒..▒.▒.▒▒▒ ▒.
▒y...▒ ▒..▒.▒.▒ ▒
▒.▒▒▒▒▒o▒▒▒▒..▒.▒.▒▒▒
.▒▒.▒.▒...........▒.▒....
.........>..........▒▒▒▒▒
.................................
......................[...▒.▒▒▒▒.
?.....$.....................▒ ▒.


You could see 3 killer bees and an orc priest.

Vanquished Creatures
  2 black bears (D:4)
  A scorpion (D:4)
  A killer bee (D:5)
  An orc priest (D:4)
  2 hounds (D:4)
  Natasha (thrice) (D:3)
  Robin (D:3)
  4 adders
  A white imp (D:4)
  3 worms
  A dart slug (D:4)
  9 orcs
  6 ball pythons
  4 endoplasms
  2 giant cockroaches
  21 goblins
  9 hobgoblins
  3 jackals (D:1)
  7 kobolds
  4 quokkas
  8 bats
  4 frilled lizards
  A rat (D:2)
98 creatures vanquished.

Vanquished Creatures (collateral kills)
  A foxfire (D:2)
1 creature vanquished.

Vanquished Creatures (others)
  201 foxfires
201 creatures vanquished.

Grand Total: 300 creatures vanquished

Notes
Turn   | Place    | Note
-------+----------+-------------------------------------------
     0 | D:1      | shmup the Tengu Fire Elementalist began the quest for the
                  | Orb.
     0 | D:1      | Reached XP level 1. HP: 10/10 MP: 4/4
   170 | D:1      | Reached XP level 2. HP: 15/15 MP: 4/6
   208 | D:1      | Found a faded altar of an unknown god.
   509 | D:1      | Reached skill level 4 in Fire Magic
   513 | D:1      | Learned a level 2 spell: Scorch
  1198 | D:2      | Reached XP level 3. HP: 19/19 MP: 4/7
  1426 | D:2      | Found Qyfib's Antique Weapon Emporium.
  1636 | D:2      | Reached XP level 4. HP: 24/24 MP: 5/8
  2114 | D:3      | Identified the ring "Fuseni Suti" {Fire rElec Str+9 Int-3
                  | Dex-3}
  2234 | D:3      | Noticed Natasha
  2243 | D:3      | Killed Natasha
  2244 | D:3      | Reached skill level 5 in Fire Magic
  2440 | D:3      | Noticed Robin
  2458 | D:3      | Killed Robin
  2459 | D:3      | Gained mutation: Your magical nature lets you fly swiftly
                  | and evasively. [Tengu growth]
  2459 | D:3      | Reached XP level 5. HP: 28/28 MP: 8/9
  2564 | D:3      | Identified the +5 mace of Vanity {freeze, rC++ Int+2}
  2812 | D:3      | Noticed Natasha
  2853 | D:3      | Killed Natasha
  2954 | D:3      | Noticed Natasha
  2958 | D:3      | Killed Natasha
  2959 | D:3      | Reached skill level 6 in Fire Magic
  3304 | D:4      | Noticed a black bear
  3309 | D:4      | Killed a black bear
  3310 | D:4      | Reached XP level 6. HP: 32/32 MP: 10/10
  3410 | D:4      | Reached skill level 5 in Conjurations
  3416 | D:4      | Reached skill level 7 in Fire Magic
  3544 | D:4      | Identified the +3 leather armour "Amutt" {Int+4}
  3621 | D:4      | Noticed a black bear
  3661 | D:4      | Killed a black bear
  3662 | D:4      | Reached XP level 7. HP: 36/36 MP: 11/11
  3762 | D:4      | Found a shimmering blue altar of Sif Muna.
  3834 | D:4      | Became a worshipper of Sif Muna the Loreminder
  3988 | D:4      | Found a radiant altar of Vehumet.
  4321 | D:4      | Found a large runed translucent door.
  4322 | D:4      | Found a large runed translucent door.
  4735 | D:5      | Entered Level 5 of the Dungeon
  4922 | D:5      | Reached skill level 1 in Fighting
  4927 | D:5      | Slain by a killer bee

Illustrated notes

Levels and vault maps discovered:
D:1:      matt_arrival_los_fun, layout_basic, ebering_ecumenical_altar_hall
D:2:      cheibrodos_old_hovel, layout_rooms, serial_shops,
          nicolae_shop_statue_plus
D:3:      layout_rooms, minmay_misc_feat_nine_boxes, guppyfry_early_orc_mine,
          uniq_natasha, uniq_robin
D:4:      minmay_angry_zag, layout_basic, nicolae_vehumet_radiance,
          mainiacjoe_overflow_surrounded_room, jmf_multi_god_temple2
D:5:      layout_basic, lemuel_doored_altar

Skill      XL: |  1  2  3  4  5  6  7 |
---------------+----------------------+-----
Conjurations   | 2 3 4 5 |  5.6
Fire Magic     | 4 5 6 7 |  7.5
Fighting       | 1 |  1.0
Maces & Flails | |  0.4
Armour         | |  0.7
Dodging        | |  2.5
Stealth        | |  2.0
Spellcasting   | |  2.0

Action                     |  1- 3 |  4- 6 |  7- 9 || total
---------------------------+-------+-------+-------++-------
  Melee: Dagger            |    23 |     2 |     1 ||    26
         Kick              |     6 |       |     1 ||     7
         Peck              |     5 |       |     1 ||     6
         Mace              |       |       |     2 ||     2
   Cast: Foxfire           |    37 |    71 |    12 ||   120
         Scorch            |     2 |    30 |     9 ||    41
    Use: Potion            |       |       |     1 ||     1
 Armour: Robe              |    10 |     3 |       ||    13
         Leather armour    |       |       |     7 ||     7
  Dodge: Dodged            |    27 |     8 |    25 ||    60
  Block: Buckler           |       |     3 |     4 ||     7
